 Dungeon Crawl Stone Soup version bcrawl-1.40.3 (webtiles) character file.

Game seed: 181606496790253199

449844 Queen the Martial Artist (level 12, -2/123 HPs)
             Began as a Red Draconian Transmuter on Nov 21, 2023.
             Was a Priest of Lugonu.
             Killed by static electricity
             ... invoked by Faturymn's ghost
              (10 damage)
             ... on level 3 of the Lair of Beasts.
             The game lasted 00:36:52 (13538 turns).

Queen the Martial Artist (DrTm)                    Turns: 13538, Time: 00:36:53

Health: -2/123     AC: 12    Str: 15    XL:     12   Next: 99%
Magic:  23/23      EV: 13    Int: 19    God:    Lugonu [***...]
Gold:   439        SH:  0    Dex: 12    Spells: 9/26 levels left

rFire    x . .     GDR:     38%   - Ice fists (freeze) (30.6)
rCold    + + +     SeeInvis .   (shield currently unavailable)
rNeg     . . .     Gourm    +   (armour unavailable)
rPois    +         Faith    .   (helmet currently unavailable)
rElec    .         Spirit   .   H - scarf {repulsion}
rCorr    .         Reflect  .   (gloves currently unavailable)
MR       ++...                  (boots currently unavailable)
Stlth    +.........             A - amulet of the gourmand
HPRegen  0.30/turn              o - ring "Teduofroi" {+Fly Str+3}
MPRegen  0.18/turn              K - +4 ring of protection

@: ice-form, repel missiles
A: large, (breathe fire), unfitting armour, AC +8
a: End Transformation, Depart the Abyss, Bend Space, Banish, Renounce Religion,
Evoke Flight


You were on level 3 of the Lair of Beasts.
You worshipped Lugonu.
Lugonu was most pleased with you.
You were full.
You were a creature of crystalline ice.
You visited 3 branches of the dungeon, and saw 14 of its levels.
You also visited: Ossuary.

You collected 944 gold pieces.
You spent 505 gold pieces at shops.

Inventory:

Hand Weapons
 i - the +8 great sword "Pecobop" {flame, rPois rC+ Dex+2, unknown}
   (You found it on level 4 of the Lair of Beasts)

   It has been specially enchanted to surge with flame as it hits, increasing
   damage dealt by approximately one third against foes not resistant or
   susceptible to fire.
   Its heat also prevents any hydra heads it cuts off from regrowing.
   It affects your dexterity (+2).
   It protects you from cold.
   It protects you from poison.
Missiles
 a - 1713 arrows
 l - a throwing net {=f!f}
Armour
 d - a +2 hat (melded)
 q - a +2 pair of gloves (melded)
 H - a scarf of repulsion (worn)
 J - the +2 pair of boots of the Kangaroo (melded) {SInv}
   (Lugonu gifted it to you on level 1 of the Lair of Beasts)

   It lets you see invisible.
Jewellery
 o - the ring "Teduofroi" (left front paw) {+Fly Str+3}
   (You found it on level 2 of the Dungeon)

   [ring of flight]

   It affects your strength (+3).
   It lets you fly.
 A - an amulet of the gourmand (around neck)
 D - an uncursed ring of resist corrosion
 K - a +4 ring of protection (right front paw)
Wands
 t - a wand of acid (7)
 B - a wand of iceblast (6)
 G - a wand of random effects (9)
Scrolls
 f - 2 scrolls of enchant weapon
 g - 2 scrolls of summoning
 j - 3 scrolls of fear
 m - 5 scrolls of remove curse {@r2}
 p - 8 scrolls of teleportation {@r3}
 u - 2 scrolls of enchant armour {unknown}
 v - a scroll of blinking {unknown}
 y - 2 scrolls of fog {unknown}
 E - a scroll of revelation
Potions
 b - 4 potions of brilliance
 c - 2 potions of lignification
 h - a potion of magic
 k - a potion of invisibility
 n - 12 potions of curing {@q1}
 r - 4 potions of agility
 s - a potion of haste
 w - a potion of cancellation
 x - 5 potions of heal wounds {@q2}
 z - 2 potions of might
 C - 2 potions of mutation
 F - 2 potions of resistance
 I - 2 potions of ambrosia
Comestibles
 e - 24 rations {!d}


   Skills:
 + Level 8.7 Fighting
 + Level 7.4 Dodging
 * Level 11.5 Unarmed Combat
 + Level 7.5 Spellcasting
 * Level 11.3 Transmutations
 + Level 8.5 Invocations


You had 9 spell levels left.
You knew the following spells:

 Your Spells              Type           Power        Failure   Level  Hunger
e - Ice Form              Ice/Tmut       ####....     10%         4    ###....
p - Passwall              Tmut/Erth      ####....     1%          2    None
q - Beastly Appendage     Tmut           ######       1%          1    None
r - Blade Hands           Tmut           ######....   2%          5    #####..
s - Sticks to Snakes      Tmut           ######..     1%          2    None
w - Spider Form           Tmut/Pois      ###          2%          3    None

Your spell library contained the following spells:

 Spells                   Type           Power        Failure   Level  Hunger
 Flame Tongue             Conj/Fire      #....        10%         1    None
 Flaming Arrows           Chrm/Fire      #.......     14%         2    None
 Conjure Flame            Conj/Fire      #.......     28%         3    None
 Inner Flame              Hex/Fire       N/A          28%         3    None
 Sticky Flame             Conj/Fire      #.......     67%         4    ###....
 Fireball                 Conj/Fire      #.........   95%         5    #####..


Dungeon Overview and Level Annotations

Branches:
Dungeon (9/12)             Temple (1/1) D:5            Lair (4/6) D:7
  Swamp (0/3) Lair:3       Spider (0/3) Lair:2          Orc (0/1) D:9

Altars:
Ashenzari
Cheibriados
Gozag
Kikubaaqudgha
Lugonu
Makhleb
Qazlal
Sif Muna
Trog
Uskayaw
Xom
Yredelemnul
The Shining One

Shops:
D:6 !   D:9 [?

Annotations:
D:9 2 transporters, 1 runed door, lastchild's ghost, novice TrMA
Lair:3 Faturymn's ghost, journeyman DrAE


Innate Abilities, Weirdness & Mutations

((You can breathe blasts of fire.))
((Your fiery red scales are hard. (AC +8)))
You cannot fit into any form of body armour.
((Your flesh is heat resistant. (rF+)))
((You are cold-blooded and may be slowed by cold attacks.))


Message History

The 11-headed hydra bites you.
* * * LOW HITPOINT WARNING * * *
The 11-headed hydra bites you but does no damage.
The 11-headed hydra bites you.
* * * LOW HITPOINT WARNING * * *
The 11-headed hydra bites you!
* * * LOW HITPOINT WARNING * * *
The 11-headed hydra bites you but does no damage. x2
The 11-headed hydra barely misses you.
The 11-headed hydra bites you but does no damage.
Faturymn's ghost hits you.
* * * LOW HITPOINT WARNING * * *
A rune on the stairs sparks and fizzles.
You climb upwards.
There is a stone staircase leading down here.
Faturymn's ghost mumbles some strange words.
The 11-headed hydra is struck by an arc of lightning!!
Faturymn's ghost is struck by an arc of lightning!
You are struck by an arc of lightning!
You die...

#### ###<..................#
...#####.#......#P..P..#.....#
............................##
.#.....###.#.................#
.#.##.## ##.#.....##....#...##
..##### #.#....########....#
..## ##.....# #P...## .#.#
##....# ##...# ..## ###
####...Y# #...##
..####P###P##..DW# #....##
.................# #...#.#
................>##### #....##
#.P...............P#.####...##
##...............PP.##.##...##
##.........................P#
#..######.##.............^..#
###.## #####.....P#####...##


You could see a 11-headed hydra and Faturymn's ghost.

Vanquished Creatures
  A rakshasa (D:9)
  2 hydras
  A catoblepas (Lair:4)
  A two-headed ogre (D:9)
  6 death yaks
  An ugly thing (D:9)
  An orb spider (Lair:2)
  3 elephants (Lair:4)
  3 black mambas
  A komodo dragon (Lair:1)
  2 yaktaurs (D:9)
  A rime drake (Lair:2)
  An eye of draining (D:8)
  3 trolls (D:9)
  A meliai (D:8)
  A tyrant leech (Lair:3)
  7 hippogriffs
  A meliai zombie (D:9)
  A polar bear (Lair:3)
  7 blink frogs
  A wraith (D:9)
  A vampire (D:9)
  23 yaks
  A wyvern (Lair:3)
  3 hungry ghosts
  A steam dragon (Lair:2)
  A basilisk (Lair:2)
  2 swamp worms (Lair:3)
  7 water moccasins
  8 crocodiles
  4 porcupines
  3 orc warriors
  2 sky beasts
  4 black bears
  2 hornet zombies
  2 ice beasts
  2 phantoms (D:9)
  6 ogres
  7 bullfrogs
  2 elf zombies (Ossuary)
  2 gnoll sergeants (D:7)
  3 centaurs
  2 scorpions
  2 wyvern skeletons
  2 electric eels (Lair:1)
  8 orc priests
  A bullfrog zombie (D:5)
  5 crimson imps
  A quasit (D:5)
  2 jellies
  2 human zombies (Ossuary)
  A bullfrog skeleton (D:7)
  A gnoll shaman (D:9)
  5 hounds
  5 orc wizards
  3 iron imps (D:5)
  8 worker ants
  3 hound skeletons
  A hound zombie (D:5)
  2 mummies (Ossuary)
  2 worker ant zombies
  4 gnolls (D:8)
  9 adders
  3 centaur zombies (Ossuary)
  2 howler monkey skeletons
  2 shadow imps
  An ooze (D:5)
  An adder skeleton (D:7)
  2 adder zombies
  2 worms (D:3)
  2 dart slugs
  2 leopard geckos
  28 orcs
  2 ball pythons
  5 bats
  3 giant cockroaches
  12 goblins
  3 hobgoblins
  14 jackals
  3 quokkas
  2 frilled lizards
  A goblin zombie (Ossuary)
  10 hobgoblin zombies (Ossuary)
  A jackal skeleton (D:5)
  2 jackal zombies (Ossuary)
  10 kobolds
  8 kobold zombies (Ossuary)
  8 orc zombies (Ossuary)
  A quokka skeleton (D:3)
  6 rats
  A plant (Lair:3)
338 creatures vanquished.

Vanquished Creatures (others)
  A shadow (D:9)
  20 fungi
  16 plants
37 creatures vanquished.

Grand Total: 375 creatures vanquished

Notes
Turn   | Place    | Note
-------+----------+-------------------------------------------
     0 | D:1      | Queen the Draconian Transmuter began the quest for the Orb.
     0 | D:1      | Reached XP level 1. HP: 16/16 MP: 3/3
   157 | D:1      | Reached XP level 2. HP: 23/23 MP: 3/5
   879 | D:1      | Learned a level 2 spell: Sticks to Snakes
   882 | D:1      | Learned a level 2 spell: Passwall
   968 | D:2      | Reached XP level 3. HP: 28/29 MP: 4/6
   970 | D:2      | Found a corrupted altar of Lugonu.
   992 | D:2      | Became a worshipper of Lugonu the Unformed
  1018 | D:2      | Got a steaming bronze ring
  1044 | D:2      | Identified the ring "Teduofroi" {+Fly Str+3} (You found it
                  | on level 2 of the Dungeon)
  1092 | D:2      | Reached XP level 4. HP: 35/36 MP: 5/7
  1664 | D:3      | Reached ** piety under Lugonu
  1788 | D:2      | Learned a level 3 spell: Spider Form
  1798 | D:3      | Reached skill level 1 in Invocations
  1798 | D:3      | Reached XP level 5. HP: 27/41 MP: 5/8
  1975 | D:3      | Noticed an ogre
  2170 | D:3      | Killed an ogre
  2171 | D:3      | Reached XP level 6. HP: 50/50 MP: 6/10
  2236 | D:3      | Found a stormy altar of Qazlal.
  2238 | D:3      | Noticed a water elemental
  2238 | D:3      | Noticed an air elemental
  2239 | D:3      | Noticed a fire elemental
  2850 | D:4      | Found a shimmering altar of Xom.
  2864 | D:4      | Found a bloodstained altar of Trog.
  2996 | D:4      | Found an ancient bone altar of Kikubaaqudgha.
  3255 | D:4      | Found a shimmering blue altar of Sif Muna.
  3375 | D:5      | Entered Level 5 of the Dungeon
  3423 | D:5      | Your scales start taking on a fiery red colour.
  3423 | D:5      | Reached XP level 7. HP: 52/57 MP: 8/11
  3423 | D:5      | Gained mutation: Your flesh is heat resistant. (rF+) [Red
                  | Draconian growth]
  3472 | D:5      | Reached *** piety under Lugonu
  3488 | D:5      | Found a staircase to the Ecumenical Temple.
  3495 | Temple   | Entered the Ecumenical Temple
  3523 | D:5      | Found a snail-covered altar of Cheibriados.
  3571 | D:5      | Noticed a hungry ghost
  3575 | D:5      | Reached skill level 5 in Unarmed Combat
  3813 | D:5      | Found a basalt altar of Yredelemnul.
  3904 | D:5      | Killed a hungry ghost
  4022 | D:5      | Reached skill level 5 in Transmutations
  4164 | D:5      | Found a burning altar of Makhleb.
  4171 | D:5      | Reached XP level 8. HP: 64/64 MP: 10/13
  4393 | D:6      | Noticed a hippogriff
  4404 | D:6      | Killed a hippogriff
  4415 | D:6      | Learned a level 5 spell: Blade Hands
  4464 | D:6      | Found Wurefer's Distillery.
  4475 | D:6      | Bought a potion of heal wounds for 55 gold pieces
  4475 | D:6      | Bought 2 potions of might for 88 gold pieces
  4475 | D:6      | Bought a potion of curing for 27 gold pieces
  4475 | D:6      | Bought a potion of heal wounds for 55 gold pieces
  4739 | D:6      | Noticed a hippogriff
  4750 | D:6      | Killed a hippogriff
  4860 | D:6      | Found a glowing golden altar of the Shining One.
  5208 | D:7      | Reached XP level 9. HP: 51/72 MP: 12/15
  5242 | D:7      | Reached **** piety under Lugonu
  5242 | D:7      | Received a gift from Lugonu
  5465 | D:7      | Reached skill level 5 in Fighting
  5773 | D:7      | Reached skill level 5 in Invocations
  5891 | D:7      | Found a staircase to the Lair.
  6045 | D:7      | Reached skill level 5 in Spellcasting
  6391 | D:8      | Found a sand-covered staircase.
  6400 | Ossuary  | Entered an ossuary
  6515 | Ossuary  | Reached XP level 10. HP: 79/81 MP: 12/17
  6554 | Ossuary  | Reached skill level 5 in Dodging
  7080 | D:8      | Learned a level 4 spell: Ice Form
  7220 | D:8      | Found an opulent altar of Gozag.
  7596 | D:9      | Noticed lastchild's ghost (novice TrMA)
  7633 | D:9      | Found a transporter.
  7638 | D:9      | Found a transporter.
  7647 | D:9      | Found Lilosa's Antique Armour Boutique.
  7655 | D:9      | Bought a hat for 136 gold pieces
  7786 | D:9      | Identified the +5 dagger of Conformity {pierce, MR+ Int+3}
  7808 | D:9      | Found Diuwinnoenu's Magic Scroll Shop.
  7993 | D:9      | Noticed a rakshasa
  8127 | D:9      | Killed a rakshasa
  8128 | D:9      | Reached XP level 11. HP: 52/91 MP: 14/19
  8231 | D:9      | Noticed an eight-headed hydra
  8236 | D:9      | Found a runed door.
  8292 | D:9      | Received a gift from Lugonu
  8355 | D:9      | Found a staircase to the Orcish Mines.
  8359 | D:9      | Noticed a two-headed ogre
  8374 | D:9      | Killed a two-headed ogre
  8543 | D:9      | Noticed a purple ugly thing
  8552 | D:9      | Killed a purple ugly thing
  8743 | D:9      | Got a bloodstained hand axe
  8746 | D:9      | Bought a scroll of identify for 32 gold pieces
  8746 | D:9      | Bought a scroll of identify for 32 gold pieces
  8746 | D:9      | Bought a scroll of teleportation for 48 gold pieces
  8746 | D:9      | Bought a scroll of identify for 32 gold pieces
  9334 | Lair:1   | Entered Level 1 of the Lair of Beasts
  9867 | Lair:1   | Reached skill level 10 in Unarmed Combat
 10056 | Lair:1   | Received a gift from Lugonu
 10057 | Lair:1   | Got a pair of encrusted boots {god gift}
 10070 | Lair:1   | Identified the +2 pair of boots of the Kangaroo {SInv}
                  | (Lugonu gifted it to you on level 1 of the Lair of Beasts)
 10694 | Lair:2   | Reached skill level 10 in Transmutations
 10971 | Lair:2   | Found a hole to the Spider Nest.
 10971 | Lair:2   | Noticed an orb spider
 10988 | Lair:2   | Killed an orb spider
 10989 | Lair:2   | Reached XP level 12. HP: 81/101 MP: 16/22
 11429 | Lair:3   | Noticed a death yak
 11435 | Lair:3   | Noticed a death yak
 11437 | Lair:3   | Noticed a death yak
 11437 | Lair:3   | Noticed a death yak
 11439 | Lair:3   | Noticed a death yak
 11443 | Lair:3   | Killed a death yak
 11456 | Lair:3   | Killed a death yak
 11462 | Lair:3   | Killed a death yak
 11465 | Lair:3   | Killed a death yak
 11472 | Lair:3   | Killed a death yak
 11569 | Lair:3   | Found a staircase to the Swamp.
 11719 | Lair:3   | Noticed a four-headed hydra
 11728 | Lair:3   | Killed a four-headed hydra
 12284 | Lair:4   | Found a runed translucent gate.
 12284 | Lair:4   | Found a runed translucent gate.
 12285 | Lair:4   | Noticed an 11-headed hydra
 12286 | Lair:4   | Found a runed translucent gate.
 12286 | Lair:4   | Noticed a ten-headed hydra
 12286 | Lair:4   | Noticed Faturymn's ghost (journeyman DrAE)
 12398 | Lair:4   | Noticed a catoblepas
 12400 | Lair:4   | Noticed a death yak
 12432 | Lair:4   | Killed a catoblepas
 12438 | Lair:4   | Killed a death yak
 13300 | Lair:4   | Got a warped great sword
 13521 | Lair:4   | Killed a ten-headed hydra
 13538 | Lair:3   | Killed from afar by Faturymn's ghost

Skill      XL: |  1  2  3  4  5  6  7  8  9 10 11 12 |
---------------+-------------------------------------+-----
Dodging        | 2 3 4 5 6 7 |  7.4
Fighting       | 2 3 4 5 6 7 8 |  8.7
Transmutations | 3 4 5 6 7 8 10 11 | 11.3
Invocations    | 1 2 3 4 5 6 7 8 |  8.5
Unarmed Combat | 4 5 6 7 9 10 11 | 11.5
Spellcasting   | 3 4 5 6 7 |  7.5

Action                   |  1- 3 |  4- 6 |  7- 9 | 10-12 || total
-------------------------+-------+-------+-------+-------++-------
Melee: Unarmed           |    75 |   172 |   344 |   525 ||  1116
       Tailslap          |    10 |    12 |     4 |    65 ||    91
       Kick              |     9 |    11 |       |       ||    20
       Headbutt          |     4 |    12 |     3 |       ||    19
       Punch             |     1 |     2 |     2 |    17 ||    22
 Cast: Beastly Appendage |    21 |    24 |     7 |     1 ||    53
       Spider Form       |       |     9 |    23 |     2 ||    34
       Passwall          |       |       |     2 |       ||     2
       Blade Hands       |       |       |     7 |    50 ||    57
       Ice Form          |       |       |       |     2 ||     2
 Abil: End Transformatio |       |       |     3 |     3 ||     6
       Breathe Fire      |       |       |     2 |     6 ||     8
  Use: Scroll            |       |     2 |     2 |    13 ||    17
 Stab: Sleeping          |     1 |       |     8 |       ||     9
       Petrified         |       |       |       |     3 ||     3
  Eat: Chunk             |     3 |    14 |    23 |    63 ||   103
       Ration            |       |       |     3 |     4 ||     7
Armor: Skin              |    21 |    39 |    50 |   101 ||   211
Dodge: Dodged            |    41 |   113 |   257 |   213 ||   624
       Deflected         |       |       |       |     1 ||     1
Block: Buckler           |       |       |     1 |       ||     1
